AoeStats
← JosPros7601

Arabia

510363918Analyzed
1v1 RM · 19h ago on Sep 30, 2026· 27m 24s· 2 players
Game mode
Random Map
Map size
Tiny (2 player)
Population
200
Speed
Normal
Resources
Standard
Victory
Conquest
Starting age
Dark Age
Ending age
Imperial Age
RankedLock teamsTeams togetherTeam positionsShared explorationLock speedFull tech treeHidden civsTurbo modeCheats
Victory
Defeat
🇦🇷 Cumans · Argentina
933
+17
🇩🇪 Britons · Germany
960
-17
JosPros7601
7:40 Loom
10:09 Feudal Age
12:20 Double-Bit Axe
17:48 Wheelbarrow
18:07 Town Watch
18:04 Horse Collar
21:13 Castle Age
20:55 Gold Mining
21:37 Bloodlines
21:43 Forging
21:38 Scale Barding Armor
25:40 Hand Cart
BumBachi
10:22 Feudal Age
10:16 Loom
11:33 Double-Bit Axe
12:38 Gold Mining
13:51 Horse Collar
17:17 Castle Age
15:59 Fletching
20:23 Crossbowman
21:06 Bodkin Arrow
22:59 Wheelbarrow
24:12 Pikeman
26:08 Scale Mail Armor
26:19 Squires
Connection lost

Rejoining the realm…

Still unreachable

The connection could not be restored.

Session expired

The server has moved on; the page needs a fresh start.